 Dungeon Crawl Stone Soup version 0.25.1-2-g60ff931df9 (webtiles) character file.

Game seed: 14569325576477668484

218913 nikku the Slayer (level 18, -5/187 HPs)
             Began as a Minotaur Berserker on Nov 10, 2020.
             Was a High Priest of Trog.
             Slain by a merfolk siren
             ... wielding a +0 spear
              (8 damage)
             ... on level 4 of the Shoals on Nov 11, 2020.
             The game lasted 01:43:12 (33480 turns).

nikku the Slayer (Minotaur Berserker)              Turns: 33480, Time: 01:43:13

Health: -5/187     AC: 27    Str: 28    XL:     18   Next: 43%
Magic:  23/23      EV:  9    Int: 10    God:    Trog [*****.]
Gold:   1526       SH: 22    Dex: 11    Spells: 17/17 levels left

rFire    . . .     SeeInvis .   m - +11 hand axe "Eceroregh" {vorpal, rC+}
rCold    + . .     Gourm    .   T - +3 kite shield
rNeg     . . .     Faith    .   R - +2 plate armour {MR+}
rPois    +         Spirit   .   (helmet restricted)
rElec    +         Reflect  +   M - scarf {+Inv}
rCorr    .         Harm     .   b - +2 pair of gloves of Divine Tender Moments {rElec rPois Int+5}
MR       ++...                  t - +2 pair of boots
Stlth    ..........             X - amulet of reflection
HPRegen  0.41/turn              h - +4 ring of slaying
MPRegen  0.18/turn              W - +4 ring of slaying

@: barbed spikes, berserk cooldown, slowed, very slow
A: retaliatory headbutt, horns 2
}: 1/15 runes: gossamer
a: Berserk, Trog's Hand, Brothers in Arms, Renounce Religion, Evoke Invisibility


You were on level 4 of the Shoals.
You worshipped Trog.
Trog was extremely pleased with you.
You were very hungry.

You visited 5 branches of the dungeon, and saw 31 of its levels.
You also visited: Ossuary.

You collected 4261 gold pieces.
You spent 2735 gold pieces at shops.

Inventory:

Hand Weapons
 m - the +11 hand axe "Eceroregh" (weapon) {vorpal, rC+}
   (You found it on level 1 of the Lair of Beasts)

   It inflicts extra damage upon your enemies.
   It protects you from cold.
 K - the +5 battleaxe of the Unkillable {antimagic, MR+ Int-4 Dex+4 Stlth+}
   (Trog gifted it to you on level 14 of the Dungeon)

   It reduces the magical energy of the wielder, and disrupts the spells and
   magical abilities of those hit.
   Natural abilities and divine invocations are not affected.
   It affects your intelligence (-4).
   It affects your dexterity (+4).
   It affects your resistance to hostile enchantments.
   It makes you more stealthy.
 U - the +10 hand axe of Zestropt {vorpal, rN++ Dex+2}
   (Trog gifted it to you on level 15 of the Dungeon)

   It inflicts extra damage upon your enemies.
   It affects your dexterity (+2).
   It greatly protects you from negative energy.
Missiles
 k - 10 silver javelins (quivered)
 P - 46 javelins
Armour
 b - the +2 pair of gloves of Divine Tender Moments (worn) {rElec rPois Int+5}
   (You found it on level 5 of the Dungeon)

   It affects your intelligence (+5).
   It insulates you from electricity.
   It protects you from poison.
 t - a +2 pair of boots (worn)
 M - a scarf of invisibility (worn)
 R - a +2 plate armour of magic resistance (worn)
 T - a +3 kite shield (worn)
Jewellery
 a - an uncursed ring of protection from magic
 h - a +4 ring of slaying (left hand)
 n - an uncursed ring of resist corrosion
 o - an uncursed ring of flight
 J - the ring "Soenteupn" {rF+ SInv Stlth+}
   (You took it off a spriggan on level 4 of the Lair of Beasts)

   [ring of protection from fire]

   It protects you from fire.
   It lets you see invisible.
   It makes you more stealthy.
 W - a +4 ring of slaying (right hand)
 X - an amulet of reflection (around neck)
Wands
 e - a wand of paralysis (35)
 s - a wand of iceblast (40)
 y - a wand of acid (19)
 B - a wand of disintegration (10)
 E - a wand of polymorph (29)
 V - a wand of digging (2)
Scrolls
 l - 24 scrolls of teleportation
 v - 2 scrolls of fear
 x - a scroll of immolation
 C - 3 scrolls of holy word
 F - 3 scrolls of blinking
 I - 4 scrolls of magic mapping
 L - 2 scrolls of silence
 S - 3 scrolls of enchant weapon
Potions
 d - 2 potions of might
 f - 4 potions of haste
 g - 2 potions of cancellation
 i - 6 potions of lignification
 j - 16 potions of curing
 q - 2 potions of heal wounds
 u - 6 potions of mutation
 w - 3 potions of ambrosia
 G - 5 potions of invisibility
 Z - a potion of resistance
Miscellaneous
 D - 2 boxes of beasts
 H - a lightning rod (4/4)
 Q - a phantom mirror
Comestibles
 c - 59 rations
 p - 3 chunks of flesh


   Skills:
 + Level 22.9 Fighting
 + Level 21.5 Axes
 - Level 16.5 Armour
 - Level 2.1 Dodging
 + Level 13.6 Shields
 - Level 8.3 Evocations


You had 17 spell levels left.
You didn't know any spells.
Your spell library was empty.

Dungeon Overview and Level Annotations

Branches:
Dungeon (15/15)            Temple (0/1) D:4            Lair (6/6) D:8
 Shoals (4/4) Lair:2       Spider (4/4) Lair:2        Slime (0/5) Lair:6
    Orc (2/2) D:9             Elf (0/3) Orc:2        Vaults (0/5) D:14
 Depths (0/5) D:15        Ossuary (visited)

Altars:
Cheibriados
Sif Muna
Zin

Shops:
D:5 %   D:7 =!*   D:14 =   Orc:2 }*:[   Shoals:3 ?


Innate Abilities, Weirdness & Mutations

You reflexively headbutt those who attack you in melee.
You have a pair of horns on your head.


Message History

The merfolk javelineer closely misses you.
The merfolk impaler hits you but does no damage.
You block the sea snake's attack. The merfolk impaler barely misses you.
You block the sea snake's attack.
The manticore flicks its tail.
The volley of spikes hits you but does no damage.
The merfolk siren hits you but does no damage.
The merfolk javelineer barely misses you.
You feel better. You block the water nymph's attack.
Splash!
You fall into the shallow water.
Moving in this stuff is going to be slow.
You block the sea snake's attack. The merfolk impaler closely misses you.
The sea snake bites you!
* * * LOW HITPOINT WARNING * * *
You block the manticore's attack.
The manticore claws you but does no damage. x2
The merfolk impaler hits you but does no damage.
The merfolk siren hits you from afar with a +0 spear!
You die...

#..≈.....≈≈≈≈≈≈#
.#...≈...≈≈≈≈≈≈#
..##...≈..≈≈≈≈≈#
.###≈.......≈≈≈#
≈##≈≈........≈≈#
.≈#≈≈≈.......≈≈#
..##≈≈.....[.≈≈##
.#..≈≈≈≈≈...≈≈≈m##
#..≈≈≈≈≈≈≈≈≈≈≈mS@#######
#..≈≈≈≈≈######mSH.≈≈≈≈≈≈
...≈≈≈≈##≈≈≈tt#tm≈H≈≈≈≈≈
..≈P≈≈##≈≈≈≈)#(#)≈H≈≈≈≈≈
..≈≈P≈#≈.≈#≈≈≈#(#≈≈≈≈≈≈≈
P.≈P≈≈#≈.≈≈≈≈^≈≈#≈≈≈≈≈≈≈
.≈≈P #≈.≈##≈≈≈≈#≈≈≈≈≈≈≈
.≈ #≈..≈#≈#≈≈#≈≈≈#### .
#≈#:.≈≈≈≈≈#≈≈##


You could see an alligator snapping turtle, a merfolk impaler, a merfolk
javelineer, 2 sea snakes, 2 snapping turtles, 3 manticores, a merfolk siren and
a water nymph.

Vanquished Creatures
  Arachne (Spider:4)
  Rupert (Spider:1)
  Asterion (Spider:1)
  Frances (D:13)
  The ghost of plantmann the Cardsharp, an adept HOMo of Nemelex Xobeh (Shoals:3)
  Roxanne (Spider:1)
  Ilsuiw (Shoals:4)
  Donald (Spider:1)
  4 emperor scorpions
  6 ghost moths
  An orc warlord (Orc:2)
  3 entropy weavers
  The ghost of plantmann the Geomancer, a journeyman DDEE of Makhleb (Lair:4)
  The ghost of Esoytam the Fighter, a journeyman OgHu of Trog (Lair:2)
  2 spark wasps (Spider:4)
  6 merfolk impalers
  3 merfolk javelineers
  A rakshasa (D:15)
  9 hydras
  An alligator snapping turtle (Shoals:4)
  10 centaur warriors
  12 two-headed ogres
  A catoblepas (D:14)
  A satyr (Shoals:1)
  2 ogre magi
  2 dancing weapons (D:14)
  A death knight (D:14)
  A death yak (Lair:6)
  6 merfolk aquamancers
  A tengu warrior (D:14)
  An orc high priest (Orc:1)
  Nergalle (Lair:3)
  A fire crab (shapeshifter) (D:14)
  A shadow wraith (D:12)
  A skeletal warrior (D:15)
  An unseen horror (D:13)
  9 sea snakes
  2 wizards (D:14)
  Pikel (D:7)
  A flayed ghost (D:15)
  3 orc knights
  2 wolf spider zombies
  13 harpies
  A necromancer (D:15)
  3 deep elf magi (D:14)
  16 fauns
  An orc sorcerer (Orc:1)
  17 cyclopes
  26 wolf spiders
  15 orb spiders
  9 ugly things
  2 stone giant zombies (D:15)
  11 slime creatures
  An oklob plant (Lair:6)
  A frost giant zombie (D:15)
  A moth of wrath (Spider:4)
  5 manticores
  11 merfolk sirens
  14 elephants
  4 water nymphs
  3 black mambas
  5 torpor snails
  A gargoyle (D:13)
  4 centaur skeletons
  2 rime drakes
  6 spiny frogs
  Maggie (D:7)
  2 efreet
  2 komodo dragons
  2 kobold demonologists
  15 demonic crawlers
  A guardian mummy (D:15)
  53 jumping spiders
  2 freezing wraiths (D:14)
  8 wind drakes
  2 tengu conjurers (D:13)
  11 merfolk
  7 trolls
  4 polar bears
  5 dream sheep
  13 hornets
  19 blink frogs
  15 hippogriffs
  A deep troll zombie (D:15)
  4 snapping turtles
  27 tarantellas
  A centaur simulacrum (D:14)
  66 redbacks
  18 spriggans
  4 water elementals
  5 shadows
  A vampire (D:14)
  4 wraiths
  2 wyverns
  18 yaks
  3 basilisks (D:14)
  7 hungry ghosts
  5 steam dragons
  7 vampire mosquitoes
  Grum (D:10)
  An acid dragon (D:9)
  5 wargs
  7 water moccasins
  5 porcupines
  41 orc warriors
  2 black bears (Lair:6)
  7 ice beasts
  3 sky beasts
  A slave (D:7)
  3 necrophages
  3 phantoms
  13 ogres
  4 boggarts
  28 wolves
  26 centaurs
  4 big kobolds
  19 bullfrogs
  12 crocodiles
  A gnoll sergeant (D:9)
  A wyvern skeleton (D:14)
  9 scorpions
  A water moccasin skeleton (D:7)
  12 jellies
  2 killer bees (D:11)
  21 wights
  3 electric eels
  7 howler monkeys
  11 crimson imps
  7 centaur zombies
  A bullfrog zombie (D:11)
  A quasit (D:9)
  7 hounds
  Crazy Yiuf (D:2)
  2 gnoll shamans (D:4)
  16 orc priests
  2 bullfrog skeletons
  19 orc wizards
  2 iguanas
  16 worker ants
  A big kobold zombie (Ossuary)
  A hound skeleton (D:9)
  A howler monkey zombie (D:9)
  5 mummies
  A worker ant zombie (D:6)
  50 gnolls
  17 adders
  5 shadow imps
  4 oozes
  An adder skeleton (D:5)
  3 worms
  2 leopard geckos
  80 orcs
  6 giant cockroaches
  12 goblins
  3 hobgoblins
  17 jackals
  8 quokkas
  4 ball pythons
  A ball python skeleton (D:5)
  9 bats
  5 frilled lizards
  A gnoll zombie (Ossuary)
  2 goblin zombies
  4 hobgoblin zombies
  10 kobolds
  3 kobold zombies
  A leopard gecko zombie (D:6)
  2 orc zombies
  A quokka zombie (D:6)
  5 rats
  A butterfly (D:11)
  5 fungi
  10 plants
1222 creatures vanquished.

Vanquished Creatures (collateral kills)
  A merfolk impaler (Shoals:4)
  A hydra (D:14)
  A merfolk aquamancer (Shoals:3)
  3 orb spiders (Spider:4)
  2 wolf spiders (Spider:4)
  A cyclops (D:14)
  A jumping spider (Spider:4)
  3 merfolk
  A snapping turtle (Shoals:3)
  2 wights (D:7)
  4 gnolls (D:7)
20 creatures vanquished.

Vanquished Creatures (others)
  A merfolk aquamancer (Shoals:3)
  An orb spider (Spider:4)
  A rime drake (Shoals:2)
  A snapping turtle (Shoals:3)
  2 slaves (D:7)
  A wight (D:7)
  3 fungi
  11 plants
  11 toadstools (D:8)
32 creatures vanquished.

Grand Total: 1274 creatures vanquished

Notes
Turn   | Place    | Note
-------+----------+-------------------------------------------
     0 | D:1      | nikku the Minotaur Berserker began the quest for the Orb.
     0 | D:1      | Reached XP level 1. HP: 19/19 MP: 0/0
   175 | D:1      | Reached XP level 2. HP: 27/27 MP: 1/1
   283 | D:1      | Reached skill level 4 in Fighting
   822 | D:2      | Reached XP level 3. HP: 33/33 MP: 2/2
  1371 | D:2      | Found a faded altar of an unknown god.
  1491 | D:2      | Reached XP level 4. HP: 41/41 MP: 3/3
  1898 | D:2      | Found a runed translucent door.
  1899 | D:2      | Noticed Crazy Yiuf
  1907 | D:2      | Killed Crazy Yiuf
  2285 | D:3      | Reached skill level 5 in Fighting
  2328 | D:3      | Reached XP level 5. HP: 48/48 MP: 4/4
  2337 | D:3      | Reached ** piety under Trog
  2341 | D:3      | Reached skill level 5 in Axes
  2955 | D:4      | Found a sand-covered staircase.
  2961 | D:4      | Reached XP level 6. HP: 56/56 MP: 5/5
  2964 | Ossuary  | Entered an ossuary
  3050 | Ossuary  | Reached skill level 5 in Armour
  3499 | D:4      | Reached skill level 6 in Fighting
  3604 | D:4      | Reached *** piety under Trog
  3697 | D:4      | Found a staircase to the Ecumenical Temple.
  3702 | D:4      | Reached XP level 7. HP: 57/63 MP: 6/6
  4095 | D:4      | Reached skill level 7 in Fighting
  4388 | D:4      | Reached XP level 8. HP: 42/73 MP: 7/7
  4977 | D:4      | Reached **** piety under Trog
  5342 | D:5      | Entered Level 5 of the Dungeon
  5347 | D:5      | Got a pair of distressingly furry gloves
  5353 | D:5      | Identified the +2 pair of gloves of Divine Tender Moments
                  | {rElec rPois Int+5} (You found it on level 5 of the
                  | Dungeon)
  5389 | D:5      | Reached skill level 8 in Fighting
  5525 | D:5      | Found Guntuali's Food Shoppe.
  6140 | D:5      | Reached XP level 9. HP: 82/82 MP: 8/8
  6483 | D:6      | You fall into a shaft and drop 3 floors!
  6633 | D:6      | Reached ***** piety under Trog
  6716 | D:6      | Reached skill level 9 in Fighting
  6913 | D:7      | Found Votu's Jewellery Boutique.
  6917 | D:7      | Noticed Maggie
  6931 | D:7      | Killed Maggie
  7023 | D:7      | Found Lebydanu's Distillery.
  7029 | D:7      | Bought a potion of heal wounds for 65 gold pieces
  7043 | D:7      | Found Otojavou's Assorted Antiques.
  7080 | D:7      | Reached skill level 10 in Armour
  7093 | D:7      | Noticed Pikel
  7104 | D:7      | Killed Pikel
  7246 | D:7      | Reached skill level 10 in Axes
  7297 | D:7      | Reached skill level 10 in Fighting
  7384 | D:7      | Reached XP level 10. HP: 91/93 MP: 9/9
  7413 | D:7      | You fall into a shaft and drop 1 floor!
  7922 | D:8      | Received a gift from Trog
  8012 | D:8      | Found a staircase to the Lair.
  8551 | D:8      | Reached skill level 11 in Fighting
  8904 | D:9      | Found a staircase to the Orcish Mines.
  9245 | D:9      | Reached XP level 11. HP: 79/103 MP: 3/10
  9253 | D:9      | Received a gift from Trog
  9397 | D:9      | Found a transporter.
  9415 | D:9      | Found a transporter.
  9667 | D:9      | Found a shimmering blue altar of Sif Muna.
  9881 | D:10     | Entered Level 10 of the Dungeon
  9987 | D:10     | Got a heavily runed ring mail
 10002 | D:10     | Identified the +6 ring mail of Qotey {Harm rC- MR+++ Int+2}
                  | (You found it on level 10 of the Dungeon)
 10231 | D:10     | Reached skill level 12 in Fighting
 10384 | D:10     | Noticed Grum
 10394 | D:10     | Killed Grum
 10599 | Lair:1   | Entered Level 1 of the Lair of Beasts
 10836 | Lair:1   | Got a fading hand axe
 10837 | Lair:1   | Identified the +11 hand axe "Eceroregh" {vorpal, rC+} (You
                  | found it on level 1 of the Lair of Beasts)
 11241 | Lair:1   | Reached skill level 1 in Shields
 12080 | Lair:2   | Found a runed translucent door.
 12082 | Lair:2   | Noticed Esoytam's ghost (journeyman OgHu)
 12097 | Lair:2   | Killed Esoytam's ghost
 12156 | Lair:2   | Reached skill level 13 in Fighting
 12156 | Lair:2   | Reached XP level 12. HP: 115/115 MP: 11/11
 12308 | Lair:2   | Found a hole to the Spider Nest.
 12323 | Lair:2   | Reached skill level 5 in Shields
 12893 | Lair:2   | Found a staircase to the Shoals.
 13327 | Lair:3   | Noticed a six-headed hydra
 13339 | Lair:3   | Killed an 11-headed hydra
 13670 | Lair:3   | Noticed Nergalle
 13690 | Lair:3   | Killed Nergalle
 14177 | Lair:4   | Received a gift from Trog
 14189 | Lair:4   | Reached skill level 14 in Fighting
 14284 | Lair:4   | Found a snail-covered altar of Cheibriados.
 14427 | Lair:4   | Noticed an eight-headed hydra
 14429 | Lair:4   | Noticed a six-headed hydra
 14435 | Lair:4   | Killed a 12-headed hydra
 14444 | Lair:4   | Killed an 11-headed hydra
 14517 | Lair:4   | Reached skill level 15 in Armour
 14520 | Lair:4   | Reached XP level 13. HP: 110/125 MP: 12/12
 14589 | Lair:4   | Found a glowing silver altar of Zin.
 14617 | Lair:4   | Found a runed translucent door.
 14618 | Lair:4   | Noticed plantmann's ghost (journeyman DDEE)
 14619 | Lair:4   | Identified the +4 spear of Autumn {drain, Fragile +Blink
                  | Dex+8 SInv}
 14637 | Lair:4   | Identified the ring "Soenteupn" {rF+ SInv Stlth+}
 14651 | Lair:4   | Killed plantmann's ghost
 15613 | Lair:5   | Reached skill level 15 in Fighting
 15970 | Lair:6   | Entered Level 6 of the Lair of Beasts
 16074 | Lair:6   | Reached skill level 15 in Axes
 16494 | Lair:6   | Reached skill level 16 in Fighting
 16701 | Lair:6   | Received a gift from Trog
 17118 | Lair:6   | Found a staircase to the Slime Pits.
 17516 | Orc:1    | Entered Level 1 of the Orcish Mines
 17524 | Orc:1    | Reached XP level 14. HP: 138/138 MP: 13/13
 17864 | Orc:2    | Entered Level 2 of the Orcish Mines
 17867 | Orc:2    | Found a staircase to the Elven Halls.
 17885 | Orc:2    | Reached skill level 17 in Fighting
 17913 | Orc:2    | Noticed an orc warlord
 18092 | Orc:2    | Killed an orc warlord
 18487 | Orc:2    | Reached skill level 18 in Fighting
 18706 | Orc:2    | Found Eshuk's Book Boutique.
 18706 | Orc:2    | Found Elyon's Assorted Antiques.
 18708 | Orc:2    | Found Hasmirch's Gadget Emporium.
 18710 | Orc:2    | Found Fawkuo's Antique Armour Shop.
 18725 | Orc:2    | Bought an embroidered scarf for 192 gold pieces
 18955 | D:7      | Bought a +4 ring of slaying for 858 gold pieces
 19096 | D:11     | Found a runed translucent door.
 19104 | D:11     | Found a runed translucent door.
 19108 | D:11     | Reached skill level 1 in Evocations
 19278 | D:11     | Received a gift from Trog
 20800 | D:13     | Noticed Frances
 20816 | D:13     | Killed Frances
 20884 | D:13     | Reached skill level 19 in Fighting
 21193 | D:13     | Received a gift from Trog
 21660 | D:13     | Reached XP level 15. HP: 152/152 MP: 17/17
 21698 | D:14     | Reached skill level 5 in Evocations
 22003 | D:14     | Received a gift from Trog
 22356 | D:14     | Reached skill level 20 in Fighting
 22368 | D:14     | Found a gate to the Vaults.
 22736 | D:14     | Identified the cursed +1 spear "Kusman" {protect, rF+ Str-3
                  | Int+2}
 22739 | D:14     | Found Buopoeth's Jewellery Emporium.
 22826 | D:14     | Bought a +4 ring of slaying for 1170 gold pieces
 22826 | D:14     | Bought an uncursed amulet of reflection for 450 gold pieces
 22947 | D:14     | Got a twisted battleaxe {god gift}
 23178 | D:14     | Identified the +5 battleaxe of the Unkillable {antimagic,
                  | MR+ Int-4 Dex+4 Stlth+} (Trog gifted it to you on level 14
                  | of the Dungeon)
 23189 | D:15     | Entered Level 15 of the Dungeon
 23419 | D:15     | Received a gift from Trog
 23425 | D:15     | Got an ivory hand axe {god gift}
 23428 | D:15     | Identified the +10 hand axe of Zestropt {vorpal, rN++
                  | Dex+2} (Trog gifted it to you on level 15 of the Dungeon)
 23449 | D:15     | Found a staircase to the Depths.
 24060 | D:15     | Reached XP level 16. HP: 165/165 MP: 20/20
 24786 | Spider:1 | Entered Level 1 of the Spider Nest
 24787 | Spider:1 | Noticed Asterion
 24802 | Spider:1 | Killed Asterion
 25989 | Spider:1 | Noticed Roxanne
 25989 | Spider:1 | Noticed Rupert
 26012 | Spider:1 | Killed Rupert
 26012 | Spider:1 | Reached skill level 21 in Fighting
 26088 | Spider:1 | Killed Roxanne
 26230 | Spider:1 | Noticed Donald
 26244 | Spider:1 | Killed Donald
 27050 | Spider:2 | Reached ****** piety under Trog
 27135 | Spider:3 | Received a gift from Trog
 28096 | Spider:4 | Entered Level 4 of the Spider Nest
 28113 | Spider:4 | Reached XP level 17. HP: 173/173 MP: 22/22
 28143 | Spider:4 | Paralysed by a hornet for 3 turns
 28154 | Spider:4 | Reached skill level 10 in Shields
 28388 | Spider:4 | Noticed Arachne
 28408 | Spider:4 | Killed Arachne
 28432 | Spider:4 | Received a gift from Trog
 29033 | Spider:4 | Reached skill level 22 in Fighting
 29258 | Spider:4 | Got a jewelled halberd
 29661 | Spider:4 | Got a gossamer rune of Zot
 29730 | Spider:4 | Identified the cursed +0 halberd of the Hills {venom,
                  | *Corrode +Inv rPois rC++} (You found it on level 4 of the
                  | Spider Nest)
 29899 | Shoals:1 | Entered Level 1 of the Shoals
 30187 | Shoals:1 | Received a gift from Trog
 30454 | Shoals:1 | You fall into a shaft and drop 1 floor!
 31268 | Shoals:2 | Reached XP level 18. HP: 185/185 MP: 23/23
 32059 | Shoals:3 | Found a runed translucent gate.
 32060 | Shoals:3 | Found a runed translucent gate.
 32061 | Shoals:3 | Found a runed translucent gate.
 32078 | Shoals:3 | Noticed plantmann's ghost (adept HOMo)
 32096 | Shoals:3 | Killed plantmann's ghost
 32562 | Shoals:3 | Found Ompaitis's Magic Scroll Shop.
 32790 | Shoals:4 | Entered Level 4 of the Shoals
 32817 | Shoals:4 | Noticed Ilsuiw
 32863 | Shoals:4 | Killed Ilsuiw
 33432 | Shoals:4 | Received a gift from Trog
 33479 | Shoals:4 | HP: 6/187 [sea snake (8)]
 33480 | Shoals:4 | Slain by a merfolk siren

Illustrated notes

Levels and vault maps discovered:
D:1:      dpeg_arrival_round_b, layout_loops_ring
D:2:      layout_basic, chequers_ecumenical_altar_twisty,
          uniq_crazy_yiuf_cottage
D:3:      layout_loops_ring, first_ration
D:4:      lemuel_castle_with_subvaults [lemuel_castle_interior_original],
          layout_loops_ring, minmay_temple_entry_proselytizer,
          nicolae_ossuary_entry_giza, minmay_mini_ossuary
D:5:      layout_basic, serial_shops, shop
D:6:      layout_rooms
D:7:      layout_loops_ring, serial_shops, shop, shop, shop, the_bakery,
          uniq_pikel, uniq_maggie
D:8:      cheibrodos_fertilizer, layout_loops_ring, erik_lair_orcish_takeover
D:9:      gammafunk_steamed_eel, layout_basic, led_sif_book, erik_orc_4
D:10:     layout_roguey, minmay_misc_feat_tiny, uniq_grum
D:11:     lemuel_insect_pit, layout_basic, minmay_misc_feat_diagonals,
          chequers_garden
D:12:     layout_roguey, grunt_tough_drop
D:13:     minmay_goldmine, layout_small_grid, uniq_frances
D:14:     minmay_the_grid_square_5x5_5x5 [minmay_the_grid_square_5x5_mess,
          minmay_the_grid_square_5x5_bite,
          minmay_the_grid_square_5x5_hollow_slash,
          minmay_the_grid_square_5x5_minibox,
          minmay_the_grid_square_5x5_broken_cross,
          minmay_the_grid_square_5x5_slash,
          minmay_the_grid_square_5x5_prize_gold,
          minmay_the_grid_square_5x5_shuriken,
          minmay_the_grid_square_5x5_prize_junk,
          minmay_the_grid_square_5x5_tri_point,
          minmay_the_grid_square_5x5_seven,
          minmay_the_grid_square_5x5_bracketed,
          minmay_the_grid_square_5x5_prize_open,
          minmay_the_grid_square_5x5_checkered,
          minmay_the_grid_square_5x5_corner,
          minmay_the_grid_square_5x5_beaten_path,
          minmay_the_grid_square_5x5_prize_open,
          minmay_the_grid_square_5x5_checkered_statues,
          minmay_the_grid_square_5x5_prize_waves,
          minmay_the_grid_square_5x5_n_small,
          minmay_the_grid_square_5x5_dogpile,
          minmay_the_grid_square_5x5_eight_small,
          minmay_the_grid_square_5x5_minimal, minmay_the_grid_square_5x5_empty,
          minmay_the_grid_square_5x5_forky], layout_cross, erik_vaults_1,
          serial_glass, glass_columns_a, glass_columns_b, due_unseen_surprise,
          item_on_display_b, feat_on_display, feat_on_display, serial_shops,
          nicolae_shop_statue_plus, minmay_misc_feat_four_crosses
D:15:     gammafunk_depths_entry_grave, layout_long_grid
Lair:1:   layout_cave_pods
Lair:2:   layout_roguey, elwin_shoals_entry_stream,
          nicolae_spider_entry_tight_spaces, gammafunk_ghost_grave
Lair:3:   layout_cave_pods, uniq_nergalle
Lair:4:   layout_hall_layers, basic_altar, ebering_ghost_funeral_grove,
          minmay_holes, st_stairs_6, kennysheep_snail_temple
Lair:5:   layout_cave_pods, infiniplex_staircase_pool
Lair:6:   minmay_lair_end_enchanted_forest, layout_concentric_octagons,
          minmay_slime_entry_oklob_enclosed, serial_bayou_pond_e
Shoals:1: layout_shoals, st_cyclops
Shoals:2: layout_shoals, nicolae_shoals_drake_roost
Shoals:3: layout_shoals, serial_shops, shop, gammafunk_ghost_tricky_traps
Shoals:4: shoals_end_hangedman, layout_shoals, shoals_ilsuiw_ice
Spider:1: layout_chambers, drop_trap, uniq_asterion, uniq_roxanne, uniq_donald,
          uniq_rupert
Spider:2: layout_spider_delve
Spider:3: layout_spider_delve
Spider:4: johnstein_spider_rune_arachne_lair
Orc:1:    layout_caves
Orc:2:    st_orc_rangers, layout_caves

Skill      XL: |  1  2  3  4  5  6  7  8  9 10 11 12 13 14 15 16 17 18 |
---------------+-------------------------------------------------------+-----
Fighting       | 4 5 6 7 8 10 11 13 14 16 19 20 21 22 | 22.9
Axes           | 4 5 6 7 8 10 11 13 14 15 17 18 19 21 | 21.5
Armour         | 3 4 5 6 8 11 12 13 15 16 | 16.5
Shields        | 4 6 9 12 13 | 13.6
Evocations     | 4 7 8 |  8.3
Dodging        | |  2.1

Action                   |  1- 3 |  4- 6 |  7- 9 | 10-12 | 13-15 | 16-18 || total
-------------------------+-------+-------+-------+-------+-------+-------++-------
Melee: Hand axe          |    65 |   158 |   289 |   267 |  1024 |   900 ||  2703
       Headbutt          |    11 |    34 |    78 |   135 |   282 |   218 ||   758
       Broad axe         |       |       |    64 |    42 |       |       ||   106
       Battleaxe         |       |       |       |   201 |       |       ||   201
Invok: Berserk           |       |     1 |     4 |     3 |    11 |    10 ||    29
       Trog's Hand       |       |       |     5 |     8 |    28 |    24 ||    65
       Brothers in Arms  |       |       |     1 |       |       |     6 ||     7
Evoke: Box of beasts     |       |       |       |       |     1 |       ||     1
  Use: Scroll            |     2 |     7 |    15 |    12 |    13 |     9 ||    58
       Potion            |     1 |       |     1 |     1 |     1 |     9 ||    13
 Stab: Confused          |       |       |       |       |     1 |       ||     1
       Distracted        |       |       |       |       |       |     1 ||     1
       Held in net/web   |       |       |       |       |       |     1 ||     1
  Eat: Chunk             |     2 |     8 |    16 |    23 |    35 |    34 ||   118
       Ration            |       |       |     1 |     2 |     5 |     5 ||    13
Armor: Ring mail         |    22 |    42 |    71 |       |       |       ||   135
       Animal skin       |     3 |       |       |       |       |       ||     3
       Plate armour      |       |       |   186 |   354 |   529 |   499 ||  1568
Dodge: Dodged            |    38 |    96 |   218 |   167 |   296 |   227 ||  1042
Block: Buckler           |       |       |       |    50 |   312 |    18 ||   380
       Reflection        |       |       |       |       |     2 |    54 ||    56
       Kite shield       |       |       |       |       |       |   820 ||   820
